 Dungeon Crawl Stone Soup version 0.21-a0-251-g5e8393f (webtiles) character file.

67 KristoblXynda the Insei (level 3, -33/31 HPs)
             Began as a Draconian Monk on Sept 5, 2017.
             Killed from afar by a hobgoblin (42 damage)
             ... with an exploding inner flame
             ... led by Robin
             ... hexed by the player character
             ... on level 2 of the Dungeon.
             The game lasted 00:02:32 (767 turns).

KristoblXynda the Insei (Draconian Monk)             Turns: 767, Time: 00:02:33

Health: -33/31     AC:  5    Str: 13    XL:     3   Next: 98%
Magic:  3/3        EV: 13    Int: 11    God:
Gold:   86         SH:  4    Dex: 13    Spells: 2/2 levels left

rFire    . . .     SeeInvis .     - Unarmed
rCold    . . .     Gourm    .   b - +0 buckler
rNeg     . . .     Faith    .   (armour unavailable)
rPois    .         Spirit   .   (helmet restricted)
rElec    .         Reflect  .   (no cloak)
rCorr    .         Harm     .   (no gloves)
MR       .....                  (no boots)
Stlth    ++........             (no amulet)
HPRegen  0.10/turn              (no ring)
MPRegen  0.08/turn              (no ring)

@: lethally poisoned (-33 -> -40)
A: unfitting armour, cold-blooded, AC +5
a: no special abilities


You were on level 2 of the Dungeon.
You were not hungry.

You visited 1 branch of the dungeon, and saw 2 of its levels.

You collected 86 gold pieces.

Inventory:

Armour
 b - a +0 buckler (worn)
Comestibles
 a - a bread ration
 d - a meat ration
 g - 3 fruits
 h - a chunk of flesh


   Skills:
 - Level 3.2 Fighting
 + Level 3.4 Dodging
 - Level 1.7 Stealth
 + Level 2.1 Shields
 + Level 3.5 Unarmed Combat


You had 2 spell levels left.
You didn't know any spells.

Dungeon Overview and Level Annotations

Branches:
Dungeon (2/15)

Altars:


Innate Abilities, Weirdness & Mutations

Your plain brown scales are hard. (AC +5)
You cannot fit into any form of body armour.
You are cold-blooded and may be slowed by cold attacks.


Message History

The fiery explosion engulfs the hobgoblin.
The hobgoblin explodes!
The fiery explosion engulfs the adder.
The adder explodes!
The fiery explosion engulfs the goblin.
The goblin explodes!
The fiery explosion engulfs the goblin.
The goblin explodes!
The fiery explosion engulfs the goblin.
The goblin explodes!
The fiery explosion engulfs the goblin.
The goblin explodes!
The fiery explosion engulfs you!
Ouch! That really hurt!
* * * LOW HITPOINT WARNING * * *
The fiery explosion engulfs the hobgoblin.
The hobgoblin explodes!
The fiery explosion engulfs you!
Ouch! That really hurt!
You die...

### ##### #....>.#
#...##...## #...<..#
..........## #......#
.....?.....# #......#
....§§§§§..# #......#
S.§§§§§§§.###......#
....§§§§§§#.........#
....##§§§##.........#
....§§§@§g..........#
##.[###§###.........#
. #§§ #.........##
###.####.).....# ...#
#.# #.......# ....
#.####.......#
...##..#..<......#
#.......#.......#
#............)..#


You could see a goblin (inner flame).

Vanquished Creatures
  Robin (D:2)
  3 adders
  An ooze (D:1)
  A leopard gecko (D:2)
  A giant cockroach (D:1)
  A goblin (D:2)
  3 hobgoblins (D:1)
  4 jackals (D:1)
  4 bats (D:1)
  2 frilled lizards (D:1)
  3 kobolds (D:1)
  A rat (D:1)
25 creatures vanquished.

Notes
Turn   | Place    | Note
-------+----------+-------------------------------------------
     0 | D:1      | KristoblXynda the Draconian Monk began the quest for the Orb.
     0 | D:1      | Reached XP level 1. HP: 19/19 MP: 1/1
   174 | D:1      | Reached XP level 2. HP: 19/26 MP: 2/2
   270 | D:1      | Reached skill level 1 in Shields
   554 | D:1      | Reached XP level 3. HP: 28/31 MP: 3/3
   755 | D:2      | Noticed Robin
   767 | D:2      | Killed Robin
   767 | D:2      | Killed from afar by a hobgoblin

Vault maps used:
D:1:      saegor_arrival_simple_d, kennysheep_nondescript
D:2:      zin_academy, nicolae_dithmenos_shadow_blocks,
          yredelemnul_altar_generic, first_bread, uniq_robin,
          uniq_crazy_yiuf_cottage, uniq_terence

Skill      XL: |  1  2  3 |
---------------+----------+-----
Dodging        | 3 |  3.4
Shields        | 1 2 |  2.1
Fighting       | |  3.2
Stealth        | |  1.7
Unarmed Combat | |  3.5

Action                   || total
-------------------------++-------
Melee: Unarmed           ||   119
       Tailslap          ||    14
  Use: Scroll            ||     2
       Potion            ||     1
 Stab: Sleeping          ||     2
Armor: Skin              ||    48
Dodge: Dodged            ||    88
Block: Buckler           ||    19

Table legend:
 A = Spawn XP
 B = Non-spawn XP
 C = Spawn XP percentage of total XP
 D = Spawn monster count
 E = Non-spawn monster count
 F = Spawn count percentage of total count
 G = Total turns spent on level
                    A         B        C        D         E        F      G
               +---------+---------+-------+---------+---------+-------+---------
         Total |      18 |      78 |  18.8 |       3 |      22 |  12.0 |   767
               +---------+---------+-------+---------+---------+-------+---------
           D:1 |      16 |      34 |  32.0 |       2 |      18 |  10.0 |   675
           D:2 |       2 |      44 |   4.3 |       1 |       4 |  20.0 |    92
               +---------+---------+-------+---------+---------+-------+---------
